 Dungeon Crawl Stone Soup version 0.25-a0-571-gb5e01bddfa (webtiles) character file.

Game seed: 11691646031892820922, levelgen mode: deterministic

297 Amnekian the Sneak (level 6, -2/36 HPs)
             Began as an Octopode Venom Mage on Feb 29, 2020.
             Slain by Duvessa
             ... wielding a +0 short sword
              (11 damage)
             ... on level 4 of the Dungeon.
             The game lasted 00:22:11 (3987 turns).

Amnekian the Sneak (Octopode Venom Mage)            Turns: 3987, Time: 00:22:11

Health: -2/36      AC:  1    Str:  6 (7)  XL:     6   Next: 35%
Magic:  7/9        EV: 13    Int: 14 (17) God:
Gold:   110        SH:  3    Dex: 14 (15) Spells: 6/9 levels left

rFire    . . .     SeeInvis .   i - +0 dagger (venom)
rCold    . . .     Gourm    .   u - +0 buckler
rNeg     . . .     Faith    .   (helmet restricted)
rPois    .         Spirit   .   o - amulet of magic regeneration
rElec    .         Reflect  .   (no ring)
rCorr    .         Harm     .   (no ring)
MR       .....                  (no ring)
Stlth    ++++......             (no ring)
HPRegen  0.12/turn              (no ring)
MPRegen  0.36/turn              (no ring)
                                (no ring)
                                (no ring)

@: no status effects
A: almost no armour, stealthy swim, amphibious, 8 rings, constrict 8, camouflage
1, gelatinous body 1
a: no special abilities


You were on level 4 of the Dungeon.
You were very hungry.

You visited 1 branch of the dungeon, and saw 4 of its levels.

You collected 110 gold pieces.

Inventory:

Hand Weapons
 f - a +0 short sword
 g - a +0 club
 i - a +0 dagger of venom (weapon)
Missiles
 h - 49 stones
 j - 43 arrows
 l - 19 poisoned darts (quivered)
 w - 4 boomerangs
Armour
 u - a +0 buckler (worn)
Jewellery
 k - an uncursed ring of ice
 n - a cursed ring of attention {unknown}
 o - an amulet of magic regeneration (around mantle)
 z - an uncursed ring of protection from magic {unknown}
Scrolls
 a - 3 scrolls of fear {unknown}
 c - a scroll of remove curse {unknown}
 m - 3 scrolls of identify {unknown}
 p - a scroll of enchant armour {unknown}
 q - a scroll of teleportation {unknown}
 r - a scroll of blinking {unknown}
 v - a scroll of amnesia {unknown}
 y - a scroll of fog {unknown}
Potions
 d - 2 potions of stabbing
 e - a potion of degeneration
 s - a potion of flight
 t - a potion of cancellation {unknown}
 x - a potion of curing {unknown}
Comestibles
 b - 6 rations


   Skills:
 - Level 2.0 Dodging
 + Level 6.8 Stealth
 - Level 2.0 Spellcasting
 - Level 1.0 Transmutations
 + Level 6.4 Poison Magic


You had 6 spell levels left.
You knew the following spells:

 Your Spells              Type           Power        Failure   Level  Hunger
a - Sting                 Tmut/Pois      ##..         9%          1    ##.....
b - Poisonous Vapours     Pois/Air       ##....       16%         2    ###....

Your spell library contained the following spells:

 Spells                   Type           Power        Failure   Level  Hunger
 Olgreb's Toxic Radiance  Pois           ###.....     28%         4    #####..
 Ignite Poison            Fire/Tmut/Pois #.......     41%         3    ####...
 Mephitic Cloud           Conj/Pois/Air  #.......     45%         3    ####...


Dungeon Overview and Level Annotations

Branches:
Dungeon (4/15)
 Temple: D:4-7

Altars:
Gozag
Kikubaaqudgha
Qazlal
Sif Muna
Trog
Uskayaw
Zin

Annotations:
D:3 3 runed translucent doors, Grinder
D:4 Duvessa, Eustachio, Sigmund


Innate Abilities, Weirdness & Mutations

You cannot wear most types of armour.
You are very stealthy in the water. (Stealth+)
You are amphibious.
You can wear up to eight rings at the same time.
You can use your tentacles to constrict eight enemies at once.
Your skin changes colour to match your surroundings (Stealth+).
Your rubbery body absorbs attacks. (AC +1, EV +1)


Message History

Aim: Duvessa, wielding a +0 short sword and wearing a +0 ring mail (berserk, fast, unusually strong) Poisonous vapours surround Duvessa!
Duvessa is engulfed in poison gas.
Duvessa is poisoned.
Duvessa hits you with a +0 short sword!
You hear an angry hiss.
Casting: Poisonous Vapours (safe; 16% risk of failure)
Confirm with . or Enter, or press ? or * to list all spells.
Aiming: Poisonous Vapours (safe; 16% risk of failure)
Press: ? - help, Dir - move target cursor, f/p - Duvessa
Aim: Duvessa, wielding a +0 short sword and wearing a +0 ring mail (lightly wounded, berserk, fast, unusually strong, poisoned) Poisonous vapours surround Duvessa!
Duvessa is engulfed in poison gas.
Duvessa looks even sicker.
Duvessa barely misses you.
Duvessa is engulfed in poison gas.
Duvessa looks even sicker.
Duvessa hits you but does no damage. Duvessa hits you with a +0 short sword!
* * * LOW HITPOINT WARNING * * *
You hit Duvessa.
Duvessa looks as sick as possible!
You grab Duvessa.
Duvessa is moderately wounded.
You constrict Duvessa, but do no damage.
Duvessa hits you with a +0 short sword!
You die...

....##.. . ..###...##....(# .
.....#.#g..gg............(.(.#
# .....#.##.....
..............# .....#.##.....
.........(....####
....##.......#
###..............
###.##.##...#
#......#####.##.. #.........#
#.#....# #.# .
####.###..#####.#....# #.# .
#.###..)...@er....# #.....
####.......####.#....# ###..#
###...............###..# ...
....#######..........#.#### .#
##### #.....<...###...# .#
#.......##.#.##.# . #..#.#..#
#.# #.####### #......># ###
#........ #....##.####
####.#.##


You could see Duvessa (berserk) and a quokka.

Vanquished Creatures
  Dowan (D:4)
  An orc priest (D:3)
  Natasha (thrice) (D:2)
  2 adders
  3 oozes
  2 adder skeletons (D:4)
  5 worms
  2 dart slugs (D:1)
  4 leopard geckos
  4 orcs
  5 giant cockroaches
  10 goblins
  5 hobgoblins
  7 jackals
  4 kobolds
  5 quokkas
  8 bats
  A frilled lizard (D:1)
  11 rats
83 creatures vanquished.

Notes
Turn   | Place    | Note
-------+----------+-------------------------------------------
     0 | D:1      | Amnekian the Octopode Venom Mage began the quest for the
                  | Orb.
     0 | D:1      | Reached XP level 1. HP: 11/11 MP: 3/3
   296 | D:1      | Reached XP level 2. HP: 7/17 MP: 0/5
   673 | D:1      | Reached XP level 3. HP: 18/21 MP: 6/6
  1467 | D:2      | Reached XP level 4. HP: 26/27 MP: 7/7
  1615 | D:2      | Found a glowing silver altar of Zin.
  1633 | D:2      | Noticed Natasha
  1654 | D:2      | Learned a level 2 spell: Poisonous Vapours
  1682 | D:2      | Killed Natasha
  1682 | D:2      | Reached skill level 5 in Stealth
  1682 | D:2      | Reached skill level 5 in Poison Magic
  2013 | D:2      | Noticed Natasha
  2030 | D:2      | Killed Natasha
  2030 | D:2      | Reached XP level 5. HP: 28/31 MP: 1/8
  2196 | D:2      | Found a bloodstained altar of Trog.
  2320 | D:2      | Noticed Natasha
  2328 | D:2      | Killed Natasha
  2521 | D:3      | Noticed Grinder
  3052 | D:3      | Found a runed translucent gate.
  3055 | D:3      | Found a runed translucent gate.
  3056 | D:3      | Found a runed translucent gate.
  3076 | D:3      | Found a shimmering blue altar of Sif Muna.
  3076 | D:3      | Noticed a phantom
  3144 | D:3      | Reached XP level 6. HP: 29/36 MP: 9/9
  3320 | D:3      | Found a stormy altar of Qazlal.
  3325 | D:3      | Found an ancient bone altar of Kikubaaqudgha.
  3328 | D:3      | Found an opulent altar of Gozag.
  3454 | D:4      | Noticed Duvessa
  3454 | D:4      | Noticed Dowan
  3677 | D:4      | Noticed Sigmund
  3747 | D:4      | Found a hide-covered altar of Uskayaw.
  3747 | D:4      | Noticed Eustachio
  3953 | D:4      | Killed Dowan
  3987 | D:4      | Slain by Duvessa

Levels and vault maps discovered:
D:1:      dpeg_arrival_subterranean_lakeside_camping, layout_rooms,
          minmay_misc_feat_nine_boxes
D:2:      layout_basic, lemuel_crystal_altar, bloody_trog, first_ration,
          corexii_item_surrounded_by_moat, uniq_natasha
D:3:      layout_rooms, lemuel_round_altar, minitemple,
          gammafunk_ghost_necromancy, guppyfry_early_lair_pool, uniq_grinder
D:4:      layout_loops_cross, old_standard_altar, uniq_eustachio, uniq_duvessa,
          uniq_robin, uniq_sigmund

Skill      XL: |  1  2  3  4  5 |
---------------+----------------+-----
Stealth        | 3 4 5 6 |  6.8
Poison Magic   | 4 5 6 |  6.4
Dodging        | |  2.0
Spellcasting   | |  2.0
Transmutations | |  1.0

Action                   |  1- 3 |  4- 6 || total
-------------------------+-------+-------++-------
Melee: Club              |    19 |       ||    19
       Constrict         |    18 |    27 ||    45
       Dagger            |    39 |    99 ||   138
       Tentacles         |    10 |    12 ||    22
       Unarmed           |     3 |       ||     3
Throw: Stone             |       |     6 ||     6
       Dart              |       |     6 ||     6
 Cast: Sting             |    18 |     2 ||    20
       Poisonous Vapours |       |    17 ||    17
  Use: Potion            |       |     5 ||     5
 Stab: Sleeping          |     9 |    12 ||    21
       Distracted        |     1 |       ||     1
  Eat: Chunk             |     2 |     8 ||    10
Armor: Skin              |     6 |     9 ||    15
Dodge: Dodged            |    36 |    63 ||    99
Block: Buckler           |       |     4 ||     4

Table legend:
 A = Non-vault XP
 B = Vault XP
 C = Vault XP percentage of total XP
 D = Non-vault monster count
 E = Vault monster count
 F = Vault count percentage of total count
                 A         B        C        D         E       F
            +---------+---------+-------+---------+---------+-------
      Total |     309 |     116 |  27.3 |      75 |       8 |   9.6
            +---------+---------+-------+---------+---------+-------
        D:1 |      58 |       9 |  13.4 |      25 |       6 |  19.4
        D:2 |     153 |      35 |  18.6 |      32 |       1 |   3.0
        D:3 |      72 |       0 |   0.0 |      14 |       0 |   0.0
        D:4 |      26 |      72 |  73.5 |       4 |       1 |  20.0
            +---------+---------+-------+---------+---------+-------
